 Dungeon Crawl Stone Soup version 0.29-a0-284-gf9362112df (webtiles) character file.

Game seed: 1860638145262761360

1870 rabbitsville the Quickloader (level 9, -1/67 HPs)
             Began as a Gnoll Wanderer on Mar 17, 2022.
             Was an Initiate of Sif Muna.
             Slain by a slime creature (9 damage)
             ... on level 8 of the Dungeon.
             The game lasted 00:46:35 (9974 turns).

rabbitsville the Quickloader (Gnoll Wanderer)       Turns: 9974, Time: 00:46:36

Health: -1/67      AC:  5    Str: 16    XL:     9   Next: 13%
Magic:  16/16      EV: 13    Int: 16    God:    Sif Muna [......]
Gold:   345        SH:  0    Dex: 13    Spells: 14/17 levels left

rFire   . . .      SeeInvis .   b - +2 short sword (speed)
rCold   . . .      Faith    .   (no shield)
rNeg    + . .      Spirit   .   d - +0 robe
rPois   .          Reflect  .   y - +1 hat
rElec   .          Harm     .   (no cloak)
rCorr   .          Rampage  .   e - +0 pair of gloves
Will    ++++.      Clarity  +   g - +0 pair of boots
Stlth   +++.......              n - amulet of the Four Winds {rN+ Will+++ Clar}
HPRegen 0.21/turn               x - ring of willpower
MPRegen 0.15/turn               D - +6 ring of strength

@: no status effects
A: fangs 1, strong nose, distributed training
a: Renounce Religion


You were on level 8 of the Dungeon.
You worshipped Sif Muna.
Sif Muna was noncommittal.
You visited 2 branches of the dungeon, and saw 9 of its levels.

You collected 345 gold pieces.

Inventory:

Hand Weapons
 a - a +2 hand crossbow
 b - a +2 short sword of speed (weapon)
Armour
 d - a +0 robe (worn)
 e - a +0 pair of gloves (worn)
 g - a +0 pair of boots (worn)
 l - a +0 helmet
 s - a +1 hat
 y - a +1 hat (worn)
Jewellery
 n - the amulet of the Four Winds (around neck) {rN+ Will+++ Clar}
   (You found it on level 2 of the Dungeon)

   [amulet of nothing]

   rN:        It protects you from negative energy.
   Clar:      It protects you against confusion.
   Will:      It greatly increases your willpower.
 x - a ring of willpower (left hand)
 D - a +6 ring of strength (right hand)
 E - a ring of ice
Wands
 A - a wand of digging (2)
 C - a wand of paralysis (10)
 G - a wand of charming (8)
Scrolls
 c - 4 scrolls of teleportation
 f - 3 scrolls of magic mapping
 h - 2 scrolls of noise
 i - 6 scrolls of identify
 k - 5 scrolls of immolation
 o - a scroll of enchant weapon {unknown}
 p - a scroll of blinking {unknown}
 q - a scroll of fog {unknown}
 u - 2 scrolls of fear
 v - a scroll of vulnerability {unknown}
 w - a scroll of amnesia {unknown}
 F - a scroll of brand weapon {unknown}
Potions
 m - a potion of berserk rage {unknown}
 r - a potion of cancellation {unknown}
 t - a potion of brilliance {unknown}
 z - a potion of resistance {unknown}
 B - a potion of lignification {unknown}


   Skills:
 + Level 4.8 Fighting
 + Level 3.9 Short Blades
 + Level 3.9 Long Blades
 + Level 3.9 Axes
 + Level 3.9 Maces & Flails
 + Level 3.9 Polearms
 + Level 3.9 Staves
 + Level 3.9 Slings
 + Level 3.9 Bows
 + Level 11.1 Crossbows
 + Level 3.9 Throwing
 + Level 3.9 Armour
 + Level 3.9 Dodging
 + Level 5.8 Stealth
 + Level 3.9 Shields
 + Level 3.9 Unarmed Combat
 + Level 4.9 Spellcasting
 + Level 3.2 Conjurations
 + Level 3.2 Hexes
 + Level 3.2 Summonings
 + Level 3.2 Necromancy
 + Level 3.2 Translocations
 + Level 3.2 Transmutations
 + Level 3.2 Fire Magic
 + Level 3.2 Ice Magic
 + Level 3.2 Air Magic
 + Level 3.2 Earth Magic
 + Level 3.9 Poison Magic
 + Level 4.3 Invocations
 + Level 3.9 Evocations


You had 14 spell levels left.
You knew the following spells:

 Your Spells              Type           Power      Damage    Failure   Level
a - Sting                 Tmut/Pois      60%        1d6       3%          1
b - Searing Ray           Conj           28%        2d5       6%          2

Your spell library contained the following spells:

 Spells                   Type           Power      Damage    Failure   Level
 Magic Dart               Conj           56%        1d5       4%          1
 Spider Form              Tmut/Pois      15%        N/A       11%         3
 Gell's Gravitas          Tloc           14%        N/A       12%         3
 Lesser Beckoning         Tloc           14%        N/A       12%         3
 Teleport Other           Tloc           14%        N/A       12%         3
 Fulminant Prism          Conj/Hex       7%         3d7       38%         4


Dungeon Overview and Level Annotations

Branches:
Dungeon (8/15)             Temple (1/1) D:7
   Lair: D:8-11

Altars:
Ashenzari
Cheibriados
Dithmenos
Elyvilon
Fedhas
Gozag
Hepliaklqana
Kikubaaqudgha
Makhleb
Nemelex Xobeh
Okawaru
Qazlal
Ru
Sif Muna
Trog
Uskayaw
Vehumet
Wu Jian
Xom
Yredelemnul
The Shining One

Shops:
D:7 (

Annotations:
D:4 3 runed translucent doors, Cheivey's ghost, amateur DsFi; IdlyInterested's ghost, amateur DsGl; YayAnonymity's ghost, weakling DsGl
D:7 exclusions: deep elf pyromancer and komodo dragon


Innate Abilities, Weirdness & Mutations

You have very sharp teeth.
Your uncanny sense of smell can sniff out nearby items.
Your experience applies equally to all skills.


Message History

The slime creature barely misses you.
You hit the slime creature.
The slime creature is moderately wounded.
You hit the slime creature.
The slime creature is heavily wounded.
The slime creature hits you.
You hit the slime creature.
You bite the slime creature, but do no damage.
The slime creature is heavily wounded.
You hit the slime creature. You punch the slime creature.
The slime creature is severely wounded.
The slime creature hits you!!
You completely miss the slime creature.
The slime creature is severely wounded.
The slime creature hits you!
You hit the slime creature.
The slime creature is severely wounded.
You puncture the slime creature!
The slime creature is almost dead.
The slime creature hits you!
You hit the slime creature.
The slime creature is almost dead.
You hit the slime creature but do no damage.
The slime creature is almost dead.
The slime creature completely misses you.
The slime creature barely misses you.
You hit the slime creature but do no damage.
You bite the slime creature.
The slime creature is almost dead.
The slime creature hits you.
* * * LOW HITPOINT WARNING * * *
The slime creature hits you!
* * * LOW HITPOINT WARNING * * *
You feel better. The slime creature hits you.
* * * LOW HITPOINT WARNING * * *
The slime creature closely misses you.
You feel better. The slime creature hits you!
* * * LOW HITPOINT WARNING * * *
The slime creature hits you!
You die...

# ∆ #. .##. ..[.
#######..
#..#####<.......
#..J@...).#.....
#..J..)...# .##
#.........#
##........#
#>.........
#............
#....#####....
#....# ....


You could see 2 slime creatures.

Vanquished Creatures
  Grinder (D:3)
  Menkaure (D:7)
  A water moccasin (D:7)
  An ice beast (D:6)
  A sky beast (D:7)
  An ogre (D:6)
  A bullfrog (D:7)
  2 necrophages
  A scorpion (D:4)
  A gnoll shaman (D:6)
  5 hounds
  A jelly (D:5)
  5 orc priests
  3 iguanas
  Ijyb (D:3)
  8 orc wizards
  Robin (D:3)
  7 adders
  4 gnolls (D:6)
  A shadow imp (D:7)
  2 ufetubi
  2 worms
  3 dart slugs
  17 orcs
  13 ball pythons
  8 endoplasms
  3 giant cockroaches (D:1)
  12 goblins
  11 hobgoblins
  10 jackals
  2 quokkas
  3 bats
  10 kobolds
  5 rats
148 creatures vanquished.

Notes
Turn   | Place    | Note
-------+----------+-------------------------------------------
     0 | D:1      | Reached skill level 10 in Crossbows
     0 | D:1      | rabbitsville the Gnoll Wanderer began the quest for the
                  | Orb.
     0 | D:1      | rabbitsville set off with the following items: a +2 hand
                  | crossbow, a +0 helmet, a scroll of teleportation, a +0
                  | robe; and the following spell memorised: Sting; and the
                  | following spells available to memorise: Spider Form
     0 | D:1      | Reached XP level 1. HP: 17/17 MP: 4/4
   289 | D:1      | Reached XP level 2. HP: 23/23 MP: 5/5
   416 | D:1      | Found a faded altar of an unknown god.
   468 | D:1      | Reached XP level 3. HP: 28/28 MP: 7/7
   840 | D:1      | Found Wogri's Armour Shoppe.
  1093 | D:2      | Reached skill level 1 in Invocations
  1243 | D:2      | Reached skill level 1 in Short Blades
  1243 | D:2      | Reached skill level 1 in Long Blades
  1243 | D:2      | Reached skill level 1 in Axes
  1243 | D:2      | Reached skill level 1 in Maces & Flails
  1243 | D:2      | Reached skill level 1 in Polearms
  1243 | D:2      | Reached skill level 1 in Staves
  1243 | D:2      | Reached skill level 1 in Slings
  1243 | D:2      | Reached skill level 1 in Bows
  1243 | D:2      | Reached skill level 1 in Throwing
  1243 | D:2      | Reached skill level 1 in Armour
  1243 | D:2      | Reached skill level 1 in Dodging
  1243 | D:2      | Reached skill level 1 in Shields
  1243 | D:2      | Reached skill level 1 in Unarmed Combat
  1243 | D:2      | Reached skill level 1 in Evocations
  1279 | D:2      | Found the amulet of the Four Winds {rN+ Will+++ Clar}
  1392 | D:2      | Reached XP level 4. HP: 34/34 MP: 8/8
  1503 | D:2      | Reached skill level 1 in Conjurations
  1503 | D:2      | Reached skill level 1 in Hexes
  1503 | D:2      | Reached skill level 1 in Summonings
  1503 | D:2      | Reached skill level 1 in Necromancy
  1503 | D:2      | Reached skill level 1 in Translocations
  1503 | D:2      | Reached skill level 1 in Transmutations
  1503 | D:2      | Reached skill level 1 in Fire Magic
  1503 | D:2      | Reached skill level 1 in Ice Magic
  1503 | D:2      | Reached skill level 1 in Air Magic
  1503 | D:2      | Reached skill level 1 in Earth Magic
  1843 | D:3      | Reached XP level 5. HP: 40/40 MP: 9/9
  1860 | D:3      | Noticed Grinder
  2198 | D:3      | Noticed Robin
  2212 | D:3      | Killed Robin
  2577 | D:3      | Noticed Ijyb
  2613 | D:3      | Killed Ijyb
  3343 | D:4      | Found a runed translucent gate.
  3343 | D:4      | Found a runed translucent gate.
  3343 | D:4      | Found a runed translucent gate.
  3344 | D:4      | Noticed YayAnonymity's ghost (weakling DsGl)
  3344 | D:4      | Noticed IdlyInterested's ghost (amateur DsGl)
  3345 | D:4      | Noticed Cheivey's ghost (amateur DsFi)
  3420 | D:4      | Reached XP level 6. HP: 24/47 MP: 9/11
  4158 | D:4      | Reached XP level 7. HP: 26/52 MP: 12/12
  4859 | D:5      | Entered Level 5 of the Dungeon
  6049 | D:4      | Reached skill level 5 in Stealth
  6470 | D:3      | Killed Grinder
  6471 | D:3      | Reached XP level 8. HP: 33/60 MP: 9/14
  7967 | D:6      | Reached skill level 11 in Crossbows
  8224 | D:7      | Found a staircase to the Ecumenical Temple.
  8231 | Temple   | Entered the Ecumenical Temple
  8408 | Temple   | Became a worshipper of Sif Muna the Loreminder
  8438 | D:7      | Learned a level 2 spell: Searing Ray
  8637 | D:7      | Noticed a komodo dragon
  8637 | D:7      | Noticed a deep elf pyromancer
  9162 | D:7      | Found Noywin's Weapon Boutique.
  9173 | D:7      | Noticed Menkaure
  9227 | D:7      | Reached XP level 9. HP: 36/66 MP: 6/16
  9620 | D:7      | Killed Menkaure
  9972 | D:8      | HP: 2/67 [slime creature (17)]
  9974 | D:8      | Slain by a slime creature

Illustrated notes

Levels and vault maps discovered:
D:1:      minmay_arrival_widening_spiral_narrow, layout_loops_ring,
          hellmonk_ecumenical_altar_blasted, serial_shops, shop,
          minmay_strange_pillars
D:2:      minmay_spotlight, layout_basic, kennysheep_path_1
D:3:      layout_loops_ring, uniq_grinder, uniq_robin, uniq_ijyb
D:4:      minmay_razor_zed, layout_basic, gammafunk_ghost_cemetery
D:5:      layout_loops_corners, dk_noncrumbling_4
D:6:      layout_basic
D:7:      minmay_the_grid_triangle_9x9_rhombus_full
          [minmay_the_grid_triangle_9x9_warning,
          minmay_the_grid_triangle_9x9_fully_insulated_deathbox,
          minmay_the_grid_triangle_9x9_subtriangle,
          minmay_the_grid_triangle_9x9_odd_lines,
          minmay_the_grid_triangle_9x9_descending_squares,
          minmay_the_grid_triangle_9x9_dagger,
          minmay_the_grid_triangle_9x9_intruding_spiral,
          minmay_the_grid_triangle_9x9_prize_special], layout_cave_pods,
          minmay_temple_entry_mist, kennysheep_decorative_pillar,
          nicolae_inconvenience_store, uniq_menkaure
D:8:      layout_basic, serial_shops, nicolae_shop_stone, uniq_psyche
Temple:   minmay_crystal_snake_temple

Skill      XL: |  1  2  3  4  5  6  7  8 |
---------------+-------------------------+-----
Crossbows      | 11 | 11.1
Poison Magic   | 2 3 |  3.9
Invocations    | 1 2 3 4 |  4.3
Short Blades   | 1 2 3 |  3.9
Long Blades    | 1 2 3 |  3.9
Axes           | 1 2 3 |  3.9
Maces & Flails | 1 2 3 |  3.9
Polearms       | 1 2 3 |  3.9
Staves         | 1 2 3 |  3.9
Slings         | 1 2 3 |  3.9
Bows           | 1 2 3 |  3.9
Throwing       | 1 2 3 |  3.9
Armour         | 1 2 3 |  3.9
Dodging        | 1 2 3 |  3.9
Shields        | 1 2 3 |  3.9
Unarmed Combat | 1 2 3 |  3.9
Evocations     | 1 2 3 |  3.9
Spellcasting   | 3 4 |  4.9
Conjurations   | 1 2 3 |  3.2
Hexes          | 1 2 3 |  3.2
Summonings     | 1 2 3 |  3.2
Necromancy     | 1 2 3 |  3.2
Translocations | 1 2 3 |  3.2
Transmutations | 1 2 3 |  3.2
Fire Magic     | 1 2 3 |  3.2
Ice Magic      | 1 2 3 |  3.2
Air Magic      | 1 2 3 |  3.2
Earth Magic    | 1 2 3 |  3.2
Fighting       | 3 4 |  4.8
Stealth        | 5 |  5.8

Action                   |  1- 3 |  4- 6 |  7- 9 || total
-------------------------+-------+-------+-------++-------
Melee: Short sword       |       |    39 |    36 ||    75
       Bite              |       |     4 |     5 ||     9
       Punch             |       |       |     3 ||     3
       Hand crossbow     |       |       |     1 ||     1
 Fire: Hand crossbow     |    90 |   216 |   193 ||   499
 Cast: Sting             |       |     1 |    27 ||    28
       Searing Ray       |       |       |     6 ||     6
Evoke: Wand              |       |       |     1 ||     1
  Use: Potion            |       |     1 |     4 ||     5
       Scroll            |       |       |     4 ||     4
Armor: Robe              |     6 |    44 |    25 ||    75
Dodge: Dodged            |     8 |    79 |    87 ||   174

Table legend: (Time is in decaauts)
 A = Elapsed time spent in this place.
 B = Non-inter-level travel time spent in this place.
 C = Inter-level travel time spent in this place.
 D = Time resting spent in this place.
 E = Time spent auto-exploring this place.
 F = Levels seen in this place.
 G = Mean time per level.
                   A        B        C        D        E       F      G
               +--------+--------+--------+--------+--------+-----+--------+
         Total |   9957 |   9439 |    518 |   2578 |   3473 |   9 | 1106.3 |
       Dungeon |   9768 |   9260 |    508 |   2578 |   3320 |   8 | 1221.0 |
        Temple |    188 |    178 |     10 |      0 |    153 |   1 |  188.0 |
               +--------+--------+--------+--------+--------+-----+--------+

Top non-repeatable levels by time:
     D:4: 2295 daAuts
     D:7: 1491 daAuts
     D:3: 1329 daAuts
     D:5: 1294 daAuts
     D:6: 1174 daAuts
     D:2: 1062 daAuts
     D:1: 1056 daAuts
  Temple: 188 daAuts
     D:8: 63 daAuts
